 Dungeon Crawl Stone Soup version 0.23-a0-305-g7ffd15e (webtiles) character file.

109413 MisterFreud the Grappler (level 16, -2/149 HPs)
             Began as a Troll Monk on Oct 9, 2018.
             Was the Champion of Cheibriados.
             Slain by Donald
             ... wielding a +4 demon trident of draining
              (30 damage)
             ... on level 2 of the Orcish Mines.
             The game lasted 01:14:29 (20730 turns).

MisterFreud the Grappler (Troll Monk)              Turns: 20730, Time: 01:14:30

Health: -2/149     AC:  9    Str: 38    XL:     16   Next: 4%
Magic:  10/19      EV: 20    Int: 26    God:    Cheibriados [******]
Gold:   1934       SH: 15    Dex: 30    Spells: 13/15 levels left

rFire    . . .     SeeInvis .     - Unarmed
rCold    . . .     Gourm    +   v - +2 shield
rNeg     . . .     Faith    .   G - +0 troll leather armour
rPois    +         Spirit   .   N - +1 hat
rElec    .         Reflect  .   s - +0 cloak of Nobility {rPois Dex+3}
rCorr    .         Harm     .   (gloves unavailable)
MR       ++...                  (boots unavailable)
Stlth    ++........             (no amulet)
HPRegen  1.14/turn              E - +5 ring of evasion
MPRegen  0.16/turn              W - ring of protection from magic

@: about to teleport, very heavily drained, very slow
A: large, unfitting armour, claws 3, fast metabolism 3, gourmand, regeneration
1, shaggy fur 1, tough skin 2
a: Bend Time, Temporal Distortion, Slouch, Step From Time, Renounce Religion


You were on level 2 of the Orcish Mines.
You worshipped Cheibriados.
Cheibriados was exalted by your worship.
You were completely stuffed.

You visited 4 branches of the dungeon, and saw 24 of its levels.
You also visited: Ice Cave and Volcano.

You collected 2462 gold pieces.
You spent 528 gold pieces at shops.

Inventory:

Hand Weapons
 b - a +0 blowgun
Missiles
 a - 10 large rocks (quivered)
 e - 515 stones
 f - 110 poisoned needles
 g - 5 needles of confusion
 I - 20 tomahawks
Armour
 s - the +0 cloak of Nobility (worn) {rPois Dex+3}
   (You found it on level 5 of the Dungeon)

   It affects your dexterity (+3).
   It protects you from poison.
 v - a +2 shield (worn)
 G - a +0 troll leather armour (worn)
 J - a +1 robe of positive energy
 N - a +1 hat (worn)
Jewellery
 j - a +4 ring of protection
 z - an uncursed ring of poison resistance
 B - a +5 ring of dexterity
 E - a +5 ring of evasion (left claw)
 Q - an uncursed ring of flight
 S - an uncursed ring of protection from cold
 W - a ring of protection from magic (right claw)
Wands
 c - a wand of digging (32)
 w - a wand of polymorph (55)
 y - a wand of enslavement (11)
 K - a wand of iceblast (6)
 L - a wand of flame (36)
 U - a wand of acid (13)
 X - a wand of clouds (6)
Scrolls
 d - 2 scrolls of teleportation
 k - 7 scrolls of amnesia
 l - a scroll of torment {unknown}
 p - 2 scrolls of enchant armour
 A - 10 scrolls of remove curse
 C - 2 scrolls of brand weapon
 D - 3 scrolls of fog
 O - 2 scrolls of vulnerability {unknown}
 T - a scroll of magic mapping {unknown}
 V - 4 scrolls of fear {unknown}
Potions
 h - 2 potions of ambrosia
 m - 2 potions of brilliance
 o - 6 potions of lignification
 q - 15 potions of curing
 r - 5 potions of resistance
 t - a potion of magic
 u - a potion of cancellation
 x - 4 potions of mutation
 F - a potion of invisibility
 H - 4 potions of flight
 M - a potion of heal wounds
 P - 5 potions of might
 R - a potion of agility
Miscellaneous
 n - a lamp of fire
Comestibles
 i - 36 rations


   Skills:
 + Level 7.3(4.1) Fighting
 - Level 14.0(10.2) Throwing
 - Level 10.0(6.6) Dodging
 - Level 1.0(0.0) Stealth
 - Level 9.0(5.7) Shields
 - Level 14.0(10.2) Unarmed Combat
 - Level 3.1(0.2) Translocations
 - Level 6.0(2.9) Invocations
 - Level 6.2(3.1) Evocations


You had 13 spell levels left.
You knew the following spells:

 Your Spells              Type           Power        Failure   Level  Hunger
a - Blink                 Tloc           N/A          36%         2    ###....

Your spell library contained the following spells:

 Spells                   Type           Power        Failure   Level  Hunger
 Beastly Appendage        Tmut           #.....       28%         1    ##.....
 Corona                   Hex            #......      28%         1    ##.....
 Flame Tongue             Conj/Fire      #....        28%         1    ##.....
 Magic Dart               Conj           #...         28%         1    ##.....
 Call Imp                 Summ           #.......     38%         2    ###....
 Ensorcelled Hibernation  Hex/Ice        #.....       38%         2    ###....
 Searing Ray              Conj           #.....       38%         2    ###....
 Slow                     Hex            #.......     38%         2    ###....
 Sticks to Snakes         Tmut           #.......     38%         2    ###....
 Throw Flame              Conj/Fire      #.....       38%         2    ###....
 Confuse                  Hex            #.......     63%         3    ####...
 Conjure Flame            Conj/Fire      #.......     63%         3    ####...
 Dazzling Spray           Conj/Hex       #.....       63%         3    ####...
 Inner Flame              Hex/Fire       #.......     63%         3    ####...
 Mephitic Cloud           Conj/Pois/Air  #.......     63%         3    ####...
 Spider Form              Tmut/Pois      #.........   63%         3    ####...
 Tukima's Dance           Hex            #.......     63%         3    ####...
 Force Lance              Conj/Tloc      #.......     95%         4    #####..
 Fulminant Prism          Conj/Hex       #.........   95%         4    #####..
 Ice Form                 Ice/Tmut       #.......     95%         4    #####..
 Iskenderun's Mystic Bla  Conj           #.......     95%         4    #####..
 Sticky Flame             Conj/Fire      #.......     95%         4    #####..
 Blade Hands              Tmut           #.........   100%        5    ######.
 Fireball                 Conj/Fire      #.........   100%        5    ######.


Dungeon Overview and Level Annotations

Branches:
Dungeon (15/15)            Temple (1/1) D:6            Lair (6/6) D:9
 Shoals (0/4) Lair:2        Snake (0/4) Lair:3          Orc (2/2) D:11
    Elf (0/3) Orc:2        Vaults (0/5) D:14         Depths (0/5) D:15
  Slime: Lair:5-6

Altars:
Cheibriados
Dithmenos
Elyvilon
Fedhas
Hepliaklqana
Kikubaaqudgha
Makhleb
Nemelex Xobeh
Okawaru
Qazlal
Sif Muna
Trog
Vehumet
Wu Jian
Xom
Yredelemnul
Zin
The Shining One
Beogh

Shops:
D:9 %   Orc:1 (   Orc:2 }!

Annotations:
D:4 Dowan, Duvessa
D:10 exclusion: oklob plant
D:12 6 runed doors
Lair:5 exclusion: 2 oklob plants
Orc:2 Donald


Innate Abilities, Weirdness & Mutations

You are too large for most types of armour.
You have claws for hands.
Your metabolism is lightning-fast.
You like to eat raw meat.
Your natural rate of healing is unusually fast.
You are covered in fur. (AC +1)
You have very tough skin. (AC +2)


Message History

Unknown command.
Unknown command.
Unknown command.
Unknown command.
Unknown command.
Unknown command.
Unknown command.
Unknown command.
As you read the scroll of teleportation, it crumbles to dust.
You feel strangely unstable.
Donald says, "Slow down!"
You block Donald's attack.
Donald hits you from afar with a demon trident of draining!!!
* * * LOW HITPOINT WARNING * * *
You feel drained.
You hear a shout! x3
You feel much better.
You hear a shout! x2
Donald hits you from afar with a demon trident of draining!!
You die...

....)'....#).#..⌠..#).#....'....#
.....####.'.[#.)...####.######...
....#####.#).#..........#### #...
...###..#.####.#####.####..# ##..
..####..'.^....#...#....'..# #.#
..#.##..#...)#.#.))#....#..# #..
...######....#.##@##....#######..
≈.###...#....#...)......#...##..#
≈## #...#.##'###@###'##.#...#.###
## ##'##.#...##.##...#.##'####
#....#...##.##...#....#
###########(###########
#....(....# .o....8.8....o.
............... ..##.....o.##.. #
......... #


You could see Donald and an orc priest.

Vanquished Creatures
  Agnes (D:15)
  Gastronok (Lair:3)
  A frost giant (IceCv)
  An ogre mage (D:15)
  Erolcha (D:12)
  8 vault guards (D:14)
  7 hydras
  3 centaur warriors
  3 catoblepae (Lair:6)
  10 two-headed ogres
  7 death yaks
  A skeletal warrior (D:13)
  A fire crab (Lair:6)
  4 unseen horrors
  A wizard (D:14)
  2 lindwurms (Lair:6)
  5 orc sorcerers
  A necromancer (D:15)
  6 orc knights
  15 ugly things
  3 deep elf magi
  2 manticores (Lair:6)
  3 cyclopes
  13 elephants (Lair:6)
  8 black mambas
  An ice statue (IceCv)
  A naga mage (D:15)
  2 torpor snails
  2 gargoyles
  9 spiny frogs
  A kobold demonologist (D:14)
  2 efreet
  3 rime drakes
  7 komodo dragons
  4 trolls
  A tengu conjurer (D:15)
  3 meliai (D:14)
  16 polar bears
  Grinder (D:5)
  8 dream sheep
  16 hippogriffs
  A snapping turtle (Lair:2)
  4 shadows
  2 wraiths
  Sigmund (D:2)
  2 centaur simulacra
  A vampire (D:13)
  A redback (D:13)
  5 wyverns
  A human (D:7)
  4 basilisks
  78 yaks
  4 hogs (D:7)
  2 steam dragons
  6 vampire mosquitoes
  2 hungry ghosts (D:12)
  A soldier ant (D:13)
  An acid dragon (D:13)
  4 wargs (Orc:2)
  10 porcupines
  17 water moccasins
  10 ice beasts
  A hornet zombie (D:15)
  A black bear (D:8)
  30 orc warriors
  4 sky beasts
  An eye of draining (D:13)
  A necrophage (D:9)
  17 ogres
  2 phantoms
  24 wolves
  10 centaurs
  14 crocodiles
  Blork the orc (D:4)
  18 bullfrogs
  A wyvern zombie (D:10)
  A wyvern skeleton (D:12)
  5 killer bees
  5 wights (D:10)
  6 centaur zombies
  4 howler monkeys (D:5)
  10 crimson imps
  4 bullfrog zombies
  A lava snake (D:8)
  A quasit (D:6)
  25 orc wizards
  11 hounds
  A jelly (D:6)
  14 orc priests
  A bullfrog skeleton (D:11)
  4 centaur skeletons
  Jessica (D:2)
  A gnoll shaman (D:9)
  Ijyb (D:4)
  6 iguanas
  15 worker ants
  3 hound skeletons
  2 worker ant zombies
  Robin (D:2)
  3 gnolls (D:10)
  17 adders
  3 shadow imps
  An ooze (D:1)
  3 adder skeletons
  4 worms
  A dart slug (D:2)
  3 leopard geckos (D:6)
  101 orcs
  4 giant cockroaches
  12 hobgoblins
  12 jackals
  3 quokkas
  6 bats
  4 frilled lizards
  21 goblins
  A jackal zombie (D:6)
  9 kobolds
  A quokka skeleton (D:4)
  A quokka zombie (D:5)
  6 rats
806 creatures vanquished.

Vanquished Creatures (others)
  A wizard (D:5)
  2 bushes (Lair:6)
  14 fungi
  5 plants
22 creatures vanquished.

Grand Total: 828 creatures vanquished

Notes
Turn   | Place    | Note
-------+----------+-------------------------------------------
     0 | D:1      | MisterFreud the Troll Monk began the quest for the Orb.
     0 | D:1      | Reached XP level 1. HP: 22/22 MP: 0/0
   203 | D:1      | Reached XP level 2. HP: 29/29 MP: 1/1
   474 | D:1      | Reached XP level 3. HP: 32/36 MP: 2/2
  1020 | D:2      | Noticed Sigmund
  1030 | D:2      | Killed Sigmund
  1030 | D:2      | Reached XP level 4. HP: 19/44 MP: 3/3
  1030 | D:2      | Reached XP level 5. HP: 22/50 MP: 4/4
  1150 | D:2      | Found a burning altar of Makhleb.
  1193 | D:2      | Found a faded altar of an unknown god.
  1235 | D:2      | Noticed Robin
  1244 | D:2      | Killed Robin
  1279 | D:2      | Noticed Jessica
  1284 | D:2      | Killed Jessica
  1284 | D:2      | Reached XP level 6. HP: 54/59 MP: 5/5
  1737 | D:3      | Found a blossoming altar of Fedhas.
  2329 | D:4      | Noticed Ijyb
  2340 | D:4      | Killed Ijyb
  2351 | D:4      | Reached XP level 7. HP: 66/66 MP: 6/6
  2371 | D:4      | Reached skill level 1 in Throwing
  2550 | D:4      | Noticed Duvessa
  2551 | D:4      | Noticed Dowan
  2563 | D:5      | Entered Level 5 of the Dungeon
  2718 | D:5      | Noticed Grinder
  2896 | D:4      | Found a burning altar of Makhleb.
  2963 | D:4      | Noticed Blork the orc
  2982 | D:4      | Killed Blork the orc
  2982 | D:4      | Reached XP level 8. HP: 48/74 MP: 7/7
  3278 | D:5      | Got a slimy cloak
  3284 | D:5      | Identified the +0 cloak of Nobility {rPois Dex+3} (You
                  | found it on level 5 of the Dungeon)
  3319 | D:5      | Found a bloodstained altar of Trog.
  3320 | D:5      | Noticed a wizard
  3325 | D:5      | Killed a wizard
  3364 | D:5      | Reached skill level 5 in Dodging
  3467 | D:5      | Paralysed by Grinder for 6 turns
  3524 | D:5      | Paralysed by Grinder for 4 turns
  3536 | D:5      | Killed Grinder
  3968 | D:6      | Found a staircase to the Ecumenical Temple.
  3974 | Temple   | Entered the Ecumenical Temple
  3999 | Temple   | Became a worshipper of Cheibriados the Contemplative
  3999 | Temple   | Reached * piety under Cheibriados
  3999 | Temple   | Reached ** piety under Cheibriados
  4033 | D:6      | Found a shadowy altar of Dithmenos.
  4112 | D:6      | Reached skill level 1 in Invocations
  4143 | D:6      | Reached XP level 9. HP: 80/80 MP: 7/9
  4978 | D:8      | Reached skill level 10 in Unarmed Combat
  5094 | D:8      | Reached *** piety under Cheibriados
  5258 | D:8      | Reached skill level 5 in Invocations
  5789 | D:9      | Found a staircase to the Lair.
  5799 | D:9      | Reached XP level 10. HP: 66/88 MP: 13/13
  5806 | D:9      | Reached skill level 5 in Throwing
  5950 | D:9      | Reached **** piety under Cheibriados
  6100 | D:9      | Found Emug Zecw's Food Shoppe.
  6518 | D:9      | Noticed a centaur warrior
  6526 | D:9      | Killed a centaur warrior
  6717 | D:10     | Entered Level 10 of the Dungeon
  6878 | D:10     | Reached ***** piety under Cheibriados
  6960 | D:10     | Found a hazy altar of Hepliaklqana.
  6961 | D:10     | Noticed an oklob plant
  7026 | D:10     | Learned a level 2 spell: Blink
  7146 | D:10     | Noticed a two-headed ogre
  7183 | D:10     | Noticed a two-headed ogre
  7190 | D:10     | Killed a two-headed ogre
  7678 | D:10     | Killed a two-headed ogre
  7678 | D:10     | Reached XP level 11. HP: 94/94 MP: 14/14
  7894 | D:11     | Noticed a red ugly thing
  7901 | D:11     | Killed a red ugly thing
  8250 | D:11     | Found a staircase to the Orcish Mines.
  8372 | D:12     | Noticed Erolcha
  9108 | D:12     | Noticed a white ugly thing
  9117 | D:12     | Killed a white ugly thing
  9129 | D:12     | Noticed an orc knight
  9138 | D:12     | Killed an orc knight
  9204 | D:12     | Found a runed gate.
  9204 | D:12     | Found a runed gate.
  9204 | D:12     | Found a runed gate.
  9213 | D:12     | Noticed a sphinx
  9213 | D:12     | Noticed a flayed ghost
  9215 | D:12     | Noticed a frost giant
  9218 | D:12     | Noticed a lindwurm
  9218 | D:12     | a swamp worm changed into a lindwurm
  9219 | D:12     | Noticed a glowing shapeshifter
  9219 | D:12     | a lindwurm changed into a glowing shapeshifter
  9219 | D:12     | a glowing shapeshifter changed into a dream sheep
  9251 | D:12     | Noticed an entropy weaver
  9254 | D:12     | an entropy weaver changed into a tyrant leech
  9260 | D:12     | Noticed an ice dragon
  9260 | D:12     | a tyrant leech changed into an ice dragon
  9295 | D:12     | Killed an unseen horror
  9357 | D:12     | Killed an unseen horror
  9484 | D:12     | Paralysed by Erolcha for 3 turns
  9495 | D:12     | Killed Erolcha
  9654 | D:12     | Found a runed gate.
  9654 | D:12     | Found a runed gate.
  9654 | D:12     | Found a runed gate.
  9662 | D:12     | Found the ring of Shadows {Umbra +Inv Stlth+}
  9789 | D:13     | Noticed a centaur warrior
  9911 | Lair:1   | Entered Level 1 of the Lair of Beasts
  9966 | Lair:1   | Reached XP level 12. HP: 95/104 MP: 15/15
  9999 | Lair:1   | Reached skill level 10 in Dodging
 10354 | Lair:1   | Noticed a five-headed hydra
 10359 | Lair:1   | Killed a five-headed hydra
 10654 | Lair:2   | Found a dark tunnel.
 10661 | Volcano  | Entered a volcano
 10677 | Volcano  | Noticed an ogre mage
 10782 | Lair:2   | Noticed a five-headed hydra
 10802 | Lair:2   | Found a frozen archway.
 10819 | Lair:2   | Reached skill level 1 in Evocations
 10833 | IceCv    | Entered an ice cave
 11210 | IceCv    | Reached ****** piety under Cheibriados
 11330 | IceCv    | Reached XP level 13. HP: 81/110 MP: 16/16
 11333 | IceCv    | Reached skill level 5 in Evocations
 11415 | IceCv    | Noticed a frost giant
 11494 | IceCv    | Killed a frost giant
 11856 | Lair:2   | Found a staircase to the Shoals.
 11995 | Lair:3   | Found a staircase to the Snake Pit.
 12182 | Lair:3   | Noticed Gastronok
 12191 | Lair:3   | Killed Gastronok
 12418 | Lair:3   | Reached skill level 5 in Fighting
 13986 | Lair:5   | Found a blossoming altar of Fedhas.
 14156 | Lair:5   | Reached skill level 10 in Throwing
 14368 | Lair:5   | Found the +8 whip "Snakebite" {curare, rPois}
 14544 | Lair:6   | Entered Level 6 of the Lair of Beasts
 14610 | Lair:6   | Reached XP level 14. HP: 98/130 MP: 17/17
 15378 | D:13     | Reached skill level 1 in Translocations
 16158 | D:14     | Found a gate to the Vaults.
 16196 | D:14     | Reached skill level 1 in Shields
 16506 | D:15     | Entered Level 15 of the Dungeon
 16987 | D:15     | Reached XP level 15. HP: 136/136 MP: 18/18
 17034 | D:15     | Noticed Agnes
 17040 | D:15     | Killed Agnes
 17325 | D:15     | Found a staircase to the Depths.
 17843 | Lair:6   | Reached skill level 5 in Shields
 19161 | Orc:1    | Entered Level 1 of the Orcish Mines
 19202 | Orc:1    | Found a roughly hewn altar of Beogh.
 19247 | Orc:1    | Found Foexzyup's Antique Weapon Boutique.
 19580 | Orc:2    | Entered Level 2 of the Orcish Mines
 20088 | Orc:2    | Found a roughly hewn altar of Beogh.
 20193 | Orc:2    | Found Tiyzxatie's Gadget Emporium.
 20210 | Orc:2    | Found Sepetuum's Distillery.
 20227 | Orc:2    | Bought a potion of curing for 48 gold pieces
 20227 | Orc:2    | Bought a potion of lignification for 48 gold pieces
 20227 | Orc:2    | Bought 2 potions of curing for 96 gold pieces
 20227 | Orc:2    | Bought a potion of heal wounds for 80 gold pieces
 20227 | Orc:2    | Bought a potion of curing for 48 gold pieces
 20227 | Orc:2    | Bought 2 potions of curing for 96 gold pieces
 20227 | Orc:2    | Bought a potion of might for 64 gold pieces
 20227 | Orc:2    | Bought a potion of lignification for 48 gold pieces
 20436 | Orc:2    | Reached XP level 16. HP: 129/146 MP: 19/19
 20661 | Orc:2    | Found a staircase to the Elven Halls.
 20716 | Orc:2    | Noticed Donald
 20730 | Orc:2    | Slain by Donald

Vault maps used:
D:1:      matt_arrival_los_fun, minivault_26, minmay_pentomino_r4
D:2:      lightli_temple_of_fire, chequers_ecumenical_altar_simple_redux,
          guppyfry_early_orc_mine, uniq_sigmund, uniq_jessica, uniq_robin
D:3:      fedhas_altar_2
D:4:      first_ration, makhleb_heckhound_becter, uniq_ijyb, uniq_duvessa,
          uniq_blork_the_orc
D:5:      trog_wizard, uniq_grinder
D:6:      temple_green, minmay_misc_feat_hallway,
          nicolae_dithmenos_shadow_blocks
D:7:      st_stairs_4, grunt_livestock
D:8:      kennysheep_generic_room_16
D:9:      david_lair_generic, serial_shops, kennysheep_little_box
D:10:     lemuel_oklob_altar
D:11:     orc_0_dummy
D:12:     kennysheep_treasure_stockpile, minmay_misc_feat_tower, uniq_erolcha
D:13:     hangedman_cross_cluster
D:14:     erik_vaults_2, minmay_tree_intersection
D:15:     grunt_enter_depths_magical_seal, nicolae_twisting_strands, uniq_agnes
Temple:   grunt_wide_crystal_templ
Lair:1:   grunt_megastairs_5
Lair:2:   minmay_shoals_entry_hut, portal_ice_cave_entry_ice_beasts,
          enter_volcano_1, infiniplex_staircase_pool_2
Lair:3:   dummy_snake_entry, uniq_gastronok
Lair:4:   columned_hall_lemuel
Lair:5:   minmay_guarded_unrand_snakebite, minmay_slime_entry_oklob_enclosed,
          minmay_lair_oklob_items, lemuel_centaur_altar
Lair:6:   hangedman_lair_in_review, wormcave
Orc:1:    serial_shops, nicolae_shop_behind_doors, basic_altar
Orc:2:    pubby_orc_utopia, serial_shops, uniq_donald
IceCv:    ice_cave_caverns_01
Volcano:  kennysheep_volcano_temple

Skill      XL: |  1  2  3  4  5  6  7  8  9 10 11 12 13 14 15 16 |
---------------+-------------------------------------------------+-----
Unarmed Combat | 4 6 8 10 11 12 14 | 14.0
Throwing       | 4 8 10 13 14 | 14.0
Dodging        | 3 6 9 10 | 10.0
Invocations    | 1 6 |  6.0
Evocations     | 4 6 |  6.2
Fighting       | 6 7 |  7.3
Translocations | 3 |  3.1
Shields        | 3 9 |  9.0
Stealth        | |  1.0

Action                   |  1- 3 |  4- 6 |  7- 9 | 10-12 | 13-15 | 16-18 || total
-------------------------+-------+-------+-------+-------+-------+-------++-------
Melee: Unarmed           |    93 |   135 |   342 |   544 |  1123 |    42 ||  2279
       Punch             |       |     3 |    14 |    68 |    69 |       ||   154
Throw: Tomahawk          |       |       |     1 |    23 |     7 |       ||    31
       Stone             |       |       |       |     1 |     1 |       ||     2
       Large rock        |       |       |       |       |    73 |     3 ||    76
Invok: Temporal Distorti |       |       |       |     1 |       |       ||     1
       Slouch            |       |       |       |     4 |    12 |       ||    16
       Step From Time    |       |       |       |       |       |     1 ||     1
Evoke: Wand              |       |       |     1 |     4 |     6 |       ||    11
  Use: Scroll            |     2 |     9 |     7 |     3 |     9 |     1 ||    31
       Potion            |       |       |     2 |       |       |     2 ||     4
 Stab: Sleeping          |     1 |     2 |     3 |     8 |    17 |       ||    31
       Distracted        |       |       |     1 |     3 |       |       ||     4
  Eat: Chunk             |    15 |    12 |    25 |    47 |    67 |     3 ||   169
Armor: Robe              |    32 |    45 |    74 |    17 |       |       ||   168
       Skin              |       |       |    30 |       |       |       ||    30
       Troll leather arm |       |       |       |    77 |   128 |     1 ||   206
Dodge: Dodged            |    53 |    57 |   159 |   559 |   800 |    18 ||  1646
Block: Shield            |       |       |       |       |   441 |    29 ||   470

Table legend:
 A = Non-vault XP
 B = Vault XP
 C = Vault XP percentage of total XP
 D = Non-vault monster count
 E = Vault monster count
 F = Vault count percentage of total count
                 A         B        C        D         E       F
            +---------+---------+-------+---------+---------+-------
      Total |   80791 |   75514 |  48.3 |     507 |     299 |  37.1
            +---------+---------+-------+---------+---------+-------
        D:1 |      38 |       5 |  11.6 |      21 |       3 |  12.5
        D:2 |      64 |     318 |  83.2 |      15 |      22 |  59.5
        D:3 |     206 |       0 |   0.0 |      25 |       0 |   0.0
        D:4 |     566 |     178 |  23.9 |      25 |       3 |  10.7
        D:5 |     603 |     258 |  30.0 |      17 |       1 |   5.6
        D:6 |     800 |       0 |   0.0 |      23 |       0 |   0.0
        D:7 |     109 |     965 |  89.9 |       4 |       5 |  55.6
        D:8 |    1156 |      81 |   6.5 |      23 |       2 |   8.0
        D:9 |    2000 |     752 |  27.3 |      24 |       4 |  14.3
       D:10 |    3531 |       0 |   0.0 |      21 |       0 |   0.0
       D:11 |    3407 |       0 |   0.0 |      23 |       0 |   0.0
       D:12 |    2560 |    3776 |  59.6 |      16 |      14 |  46.7
       D:13 |    4682 |    8914 |  65.6 |      23 |      25 |  52.1
       D:14 |    7774 |    7926 |  50.5 |      31 |       8 |  20.5
       D:15 |   11229 |    6034 |  35.0 |      40 |      10 |  20.0
     Lair:1 |    3912 |    2449 |  38.5 |      16 |       9 |  36.0
     Lair:2 |    2724 |    1300 |  32.3 |      10 |       9 |  47.4
     Lair:3 |    5522 |    2057 |  27.1 |      27 |       1 |   3.6
     Lair:4 |    3799 |       0 |   0.0 |      19 |       0 |   0.0
     Lair:5 |    4379 |    2771 |  38.8 |      19 |      14 |  42.4
     Lair:6 |   20726 |   11099 |  34.9 |      52 |      21 |  28.8
      Orc:1 |    1004 |       0 |   0.0 |      33 |       0 |   0.0
      Orc:2 |       0 |   13489 | 100.0 |       0 |      94 | 100.0
      IceCv |       0 |   13142 | 100.0 |       0 |      54 | 100.0
            +---------+---------+-------+---------+---------+-------
